 Dungeon Crawl Stone Soup version 0.21.1-1-g345015f (webtiles) character file.

193 shakethe the Ducker (level 5, -1/33 HPs)
             Began as an Octopode Transmuter on Feb 8, 2018.
             Slain by an iguana (8 damage)
             ... on level 3 of the Dungeon.
             The game lasted 00:13:10 (3026 turns).

shakethe the Ducker (Octopode Transmuter)           Turns: 3026, Time: 00:13:11

Health: -1/33      AC:  1    Str: 10    XL:     5   Next: 72%
Magic:  1/8        EV: 15    Int: 15    God:
Gold:   102        SH:  0    Dex: 13    Spells: 4/8 levels left

rFire    . . .     SeeInvis .     - Unarmed
rCold    . . .     Gourm    .   (no shield)
rNeg     . . .     Faith    .   (helmet restricted)
rPois    .         Spirit   .   (no amulet)
rElec    .         Reflect  .   n - ring of protection from magic
rCorr    .         Harm     .   (no ring)
MR       +....                  (no ring)
Stlth    ++........             (no ring)
HPRegen  0.11/turn              (no ring)
MPRegen  0.11/turn              (no ring)
                                (no ring)
                                (no ring)

@: appendage, very slightly contaminated
A: almost no armour, stealthy swim, amphibious, 8 rings, constrict 8, tentacle
spike 3, camouflage 1, gelatinous body 1
a: End Transformation


You were on level 3 of the Dungeon.
You were hungry.
One of your tentacles had a temporary spike.
You visited 1 branch of the dungeon, and saw 3 of its levels.

You collected 102 gold pieces.

Inventory:

Missiles
 a - 12 arrows
Jewellery
 n - a ring of protection from magic (left tentacle)
Scrolls
 d - 4 scrolls of teleportation {unknown}
 e - 5 scrolls of immolation {unknown}
 l - a scroll of enchant armour {unknown}
 m - a scroll of fog {unknown}
 o - a scroll of identify {unknown}
 r - a scroll of noise {unknown}
Potions
 f - a potion of brilliance {unknown}
 g - a potion of heal wounds {unknown}
 h - a potion of agility {unknown}
 i - a potion of lignification {unknown}
 j - 2 potions of curing {unknown}
 k - a potion of haste
 p - a potion of ambrosia {unknown}
 q - a potion of cancellation {unknown}
 s - a potion of might {unknown}
Books
 b - a book of Changes

   Spells                             Type                      Level
   a - Beastly Appendage              Transmutation                1
   b - Sticks to Snakes               Transmutation                2
   c - Spider Form                    Transmutation/Poison         3
   d - Ice Form                       Ice/Transmutation            4
   e - Blade Hands                    Transmutation                5
Comestibles
 c - 2 rations


   Skills:
 - Level 1.0 Fighting
 * Level 4.8 Dodging
 - Level 3.0 Unarmed Combat
 + Level 2.1 Spellcasting
 + Level 2.9 Transmutations
 - Level 2.0 Poison Magic


You had 4 spell levels left.
You knew the following spells:

 Your Spells              Type           Power        Failure   Level  Hunger
a - Beastly Appendage     Tmut           ##....       7%          1    #......
b - Spider Form           Tmut/Pois      #.........   24%         3    ###....


Dungeon Overview and Level Annotations

Branches:
Dungeon (3/15)

Altars:
Elyvilon
Trog


Innate Abilities, Weirdness & Mutations

You cannot wear most types of armour.
You are very stealthy in the water. (Stealth+)
You are amphibious.
You can wear up to eight rings at the same time.
You can use your tentacles to constrict eight enemies at once.
Your skin changes colour to match your surroundings (Stealth+).
Your rubbery body absorbs attacks. (AC +1, EV +1)
One of your tentacles bears a large vicious spike.


Message History

You tentacle-slap the iguana. Your grab misses the iguana.
You pierce the iguana.
The iguana is lightly wounded.
You constrict the adder. The adder bites you. The iguana bites you!
You tentacle-slap the adder.
You kill the adder!
The iguana barely misses you.
Okay, then.
Unknown command.
Casting: Beastly Appendage
Confirm with . or Enter, or press ? or * to list all spells.
You miscast Spider Form.
You feel a strange surge of energy! The iguana bites you.
* * * LOW HITPOINT WARNING * * *
Casting: Spider Form
Confirm with . or Enter, or press ? or * to list all spells.
You miscast Spider Form.
Wisps of poison gas drift from your tentacles.
The iguana bites you!
You die...

#..####.##.#.#####
#..#.)..##.#.#####
#..#.#####.#......
#..#.# #.#..####
#..#.# #.#..#
#..#.# #.#..#
#..#.#####.#..#
##..........#..#
#.@...........
#l#.#####.####
##)#.# #
#####.†#.##
#.........#
#.#.....#.###
#....).......
#.#.⌠)⌠.#.##.#
#.........# #


You could see an iguana.

Vanquished Creatures
  2 orc wizards (D:3)
  Robin (D:3)
  A gnoll (D:1)
  2 adders
  2 oozes
  2 worms
  2 dart slugs (D:3)
  3 leopard geckos
  2 orcs (D:3)
  A ball python (D:3)
  3 giant cockroaches
  11 hobgoblins
  4 jackals (D:2)
  8 kobolds
  5 bats
  6 frilled lizards
  13 goblins
  11 rats
  A plant (D:1)
80 creatures vanquished.

Notes
Turn   | Place    | Note
-------+----------+-------------------------------------------
     0 | D:1      | shakethe the Octopode Transmuter began the quest for the Orb.
     0 | D:1      | Reached XP level 1. HP: 13/13 MP: 3/3
   130 | D:1      | Reached skill level 3 in Dodging
   130 | D:1      | Reached XP level 2. HP: 5/18 MP: 3/5
   570 | D:1      | Reached XP level 3. HP: 23/23 MP: 4/6
   575 | D:1      | Learned a level 3 spell: Spider Form
  1283 | D:2      | Reached XP level 4. HP: 23/28 MP: 5/7
  1286 | D:2      | Reached skill level 4 in Dodging
  1921 | D:3      | Reached skill level 1 in Poison Magic
  2295 | D:3      | Reached XP level 5. HP: 23/33 MP: 2/8
  2393 | D:3      | Noticed Robin
  2647 | D:3      | Killed Robin
  2707 | D:3      | Found a bloodstained altar of Trog.
  2996 | D:3      | Found a white marble altar of Elyvilon.
  3026 | D:3      | Slain by an iguana

Skill      XL: |  1  2  3  4  5 |
---------------+----------------+-----
Dodging        | 3 4 |  4.8
Poison Magic   | 1 2 |  2.0
Fighting       | |  1.0
Unarmed Combat | |  3.0
Spellcasting   | |  2.1
Transmutations | |  2.9

Action                   |  1- 3 |  4- 6 || total
-------------------------+-------+-------++-------
Melee: Unarmed           |   123 |   104 ||   227
       Constrict         |    28 |    26 ||    54
       Kick              |    23 |    23 ||    46
       Tentacles         |    20 |    10 ||    30
       Punch             |     4 |     1 ||     5
 Cast: Beastly Appendage |    21 |    16 ||    37
       Spider Form       |       |     2 ||     2
 Stab: Sleeping          |     3 |     1 ||     4
  Eat: Chunk             |     1 |       ||     1
       Ration            |       |     2 ||     2
Armor: Skin              |     4 |     5 ||     9
Dodge: Dodged            |    51 |    74 ||   125
